[Event "Late-Titled-Tuesday-Blitz-January-30-2024"]
[Site "Chess.com"]
[Date "2024.01.30"]
[Round "10"]
[White "BestestBP"]
[Black "sansanathalia"]
[Result "0-1"]
[WhiteElo "2258"]
[BlackElo "2394"]
[TimeControl "180+1"]
[EndTime "15:55:09 PST"]
[Termination "sansanathalia won by checkmate"]

1. c4 Nf6 2. Nc3 e6 3. Nf3 d5 4. d4 Be7 5. g3 O-O 6. Bg2 b6 7.
O-O Bb7 8. Nd2 Nbd7 9. e4 dxe4 10. Ndxe4 Nxe4 11. Nxe4 c5 12. d5 exd5 13. cxd5 Nf6 14.
Nxf6+ Bxf6 15. Rb1 Bd4 16. Be3 Be5 17. Qh5 Bf6 18. Rfd1 g6 19. Qf3 Bg7 20. b3 Qd7 21. h4 Rad8 22. h5 f5 23. Bg5 Bf6 24. Bxf6 Rxf6 25.
hxg6 hxg6 26. Rd2 Rd6 27. Rbd1 Qf7 28. Qf4 Qf6 29. b4 g5 30. Qc4 cxb4 31. Qxb4 Kg7 32.
Qa3 a6 33. Qb3 f4 34. Rc2 R8d7 35. Rd3 Qf5 36. Qb2+ Qf6 37. Qb3 b5 38. Rd1 fxg3 39. fxg3 Qe5 40. Rf2 Bxd5 41. Bxd5 Rxd5 42. Rxd5 Rxd5 43.
Qc2 Qxg3+ 44. Kf1 Qd6 45. Qc3+ Re5 46. Re2 Qf6+ 47. Kg1 Rxe2 48. Qc7+ Re7 49. Qg3 Qd4+ 50. Kh2 Qf4 51. Qxf4 gxf4 52. Kg2 Re2+ 53. Kf3 Rxa2 54.
Kxf4 b4 55. Ke4 b3 56. Kd3 b2 57. Kc2 Ra5 58. Kxb2 Rb5+ 59. Ka3 Kf6 60. Ka4 Ke5 61. Ka3 Kd4 62. Ka4 Kc3 63. Ka3 Ra5# 0-1

[Event "Late-Titled-Tuesday-Blitz-January-30-2024"]
[Site "Chess.com"]
[Date "2024.01.30"]
[Round "10"]
[White "vesalhamedinia"]
[Black "ameetghasi100"]
[Result "0-1"]
[WhiteElo "2494"]
[BlackElo "2737"]
[TimeControl "180+1"]
[EndTime "15:55:10 PST"]
[Termination "ameetghasi100 won on time"]

1. d4 g6 2. c4 Nf6 3. Nf3 Bg7 4. Nc3 O-O 5. Bf4 d6 6. e3 Nc6 7. Be2 a6 8. O-O Rb8 9. h3 Bd7 10. Rc1 Qe8 11. a3 e5 12. Bg5 h6 13. Bxf6 Bxf6 14. Nd5 Bd8 15. b4 f5 16. b5 Ne7 17.
dxe5 dxe5 18. Nxe5 Nxd5 19. Qxd5+ Be6 20. Qd2 Bf6 21.
Nf3 Rd8 22. Qc2 Qe7 23. a4 Qc5 24. Rfd1 a5 25. Rxd8 Rxd8 26. Rd1 Rxd1+ 27. Qxd1 Kg7 28.
Nd4 Bf7 29. Qd3 Qb4 30. Qc2 Qe1+ 31. Bf1 Qa1 32. Nb3 Qe1 33. Qd2 Qb1 34. Qd3 Qe1 35. g3 Qb4 36. h4 h5 37. Kg2 Qxa4 38. Nc5 Qb4 39. Nxb7 a4 40. Nd8 a3 41. Nxf7 a2 42. Qd7 Qe7 0-1

[Event "Late-Titled-Tuesday-Blitz-January-30-2024"]
[Site "Chess.com"]
[Date "2024.01.30"]
[Round "10"]
[White "Lion-Al-Messi"]
[Black "Fernando_Offermann"]
[Result "0-1"]
[WhiteElo "2585"]
[BlackElo "2514"]
[TimeControl "180+1"]
[EndTime "15:55:10 PST"]
[Termination "Fernando_Offermann won on time"]

1. e4 c5 2. Nf3 d6 3. d4 cxd4 4.
Nxd4 Nf6 5. Nc3 a6 6. h3 e6 7. g4 b5 8. Bg2 Bb7 9. Qe2 Be7 10.
g5 Nfd7 11. h4 Qc7 12. Be3 Nc6 13. Nxc6 Bxc6 14. Qd3 Ne5 15. Qd4 O-O 16. h5 Rfe8 17.
f4 Nc4 18. h6 Bf8 19. O-O-O Nxe3 20. Qxe3 g6 21. Qd3 Rac8 22. Rhe1 b4 23. Qd4 bxc3 24. Qxc3 Qb7 25. Qf6 e5 26. Rxd6 Ba4 27. c3 Rb8 28. Re2 Qa7 29. fxe5 Qg1+ 30. Bf1 Bb5 31. Rf2 Rb7 32.
e6 fxe6 33. Rxe6 Rc8 34. Rb6 Re7 35. Re6 Rec7 36. Kc2 Bxf1 37. Rxf1 Qe3 38. Rf2 Rd7 39.
Rc6 Qxe4+ 40. Kb3 Qxc6 41. Qf4 Rb7+ 42. Kc2 Qe6 43. b3 Rf7 0-1

[Event "Late-Titled-Tuesday-Blitz-January-30-2024"]
[Site "Chess.com"]
[Date "2024.01.30"]
[Round "10"]
[White "malakismayil"]
[Black "TheAlienParty"]
[Result "1-0"]
[WhiteElo "2536"]
[BlackElo "2390"]
[TimeControl "180+1"]
[EndTime "15:55:11 PST"]
[Termination "malakismayil won on time"]

1. e4 e5 2. Nf3 Nc6 3. Bc4 Bc5 4. d3 Nf6 5. O-O h6 6. Nc3 d6 7. h3 a6 8. Be3 Nd4 9. Bxd4 exd4 10. Ne2 b5 11. Bb3 O-O 12. Nexd4 Bb7 13. Ne2 Bb6 14.
Ng3 Kh7 15. Re1 c5 16. c3 Nd7 17. d4 cxd4 18. cxd4 Rc8 19. Rc1 Rxc1 20. Qxc1 Qf6 21.
Qd2 Rc8 22. Qd3 Kh8 23. e5 dxe5 24. dxe5 Nc5 25. exf6 Nxd3 26. fxg7+ Kxg7 27. Re7 Bxf2+ 28. Kh2 Bxf3 29. gxf3 Bxg3+ 30. Kxg3 Rf8 31. Ra7 Kf6 32. Rxa6+ Ke5 33. Rxh6 f5 34. Rb6 b4 35. Bc2 Rg8+ 36.
Kh2 Ne1 37. Bd1 Kf4 38. Rxb4+ Ke3 39. h4 f4 40. Re4+ Kf2 41. Re2+ Kf1 42. Rd2 Ng2 43.
Be2+ Ke1 44. Rc2 Nxh4 45. Kh3 Ng2 46. Bc4 Ne3 47. Re2+ Kd1 48. Bxg8 1-0

[Event "Late-Titled-Tuesday-Blitz-January-30-2024"]
[Site "Chess.com"]
[Date "2024.01.30"]
[Round "10"]
[White "Polish_fighter3000"]
[Black "Elsa167"]
[Result "1-0"]
[WhiteElo "3057"]
[BlackElo "2902"]
[TimeControl "180+1"]
[EndTime "15:55:12 PST"]
[Termination "Polish_fighter3000 won on time"]

1. d4 e6 2. c4 Nf6 3. Nf3 d5 4. Nc3 a6 5. cxd5 exd5 6. Bg5 Be6 7. e3 Nbd7 8. Bd3 Bd6 9. O-O c6 10. Bf4 Qb8 11. Qd2 O-O 12. h3 Re8 13. Rfe1 a5 14. b3 h6 15. Rac1 Nh5 16. Bxd6 Qxd6 17. Na4 Nhf6 18. Nc5 Nxc5 19. Rxc5 a4 20. b4 Nd7 21.
Rc2 Rac8 22. Rec1 Nb6 23. Ne5 f6 24. Ng6 Nc4 25. Bxc4 dxc4 26. Nf4 Bf7 27. Rxc4 Bxc4 28. Rxc4 Qe7 29. a3 Qe4 30. Rc5 Rcd8 31. Qd1 b6 32.
Rc3 c5 33. bxc5 bxc5 34. Rxc5 Rb8 35. Qxa4 Rb1+ 36. Kh2 Reb8 37. Qd7 R1b7 38. Qg4 g5 39. Nd5 Qxg4 40. Nxf6+ Kh8 41. Nxg4 Rb6 42. Kg3 Ra8 43. Rf5 Rxa3 44. h4 gxh4+ 45. Kxh4 Ra1 46. Ne5 Rh1+ 47.
Kg3 Kg7 48. Rf7+ Kg8 49. Kf3 1-0

[Event "Late-Titled-Tuesday-Blitz-January-30-2024"]
[Site "Chess.com"]
[Date "2024.01.30"]
[Round "10"]
[White "ArturoCaceres"]
[Black "Tomytoteph"]
[Result "1-0"]
[WhiteElo "2498"]
[BlackElo "2597"]
[TimeControl "180+1"]
[EndTime "15:55:16 PST"]
[Termination "ArturoCaceres won by checkmate"]

1. Nf3 Nf6 2. c4 c5 3. d4 cxd4 4. Nxd4 Nc6 5. g3 g6 6. Bg2 Bg7 7. Nc3 O-O 8. O-O Nxd4 9. Qxd4 d6 10. Qd3 a6 11. Bg5 Rb8 12. Rfd1 Be6 13. a4 Qc7 14.
Rac1 Bxc4 15. Qe3 Rfc8 16. Nd5 Nxd5 17. Bxd5 b5 18. b3 e6 19. Bf3 f6 20. Bh6 Bxh6 21.
Qxh6 d5 22. bxc4 dxc4 23. Qe3 Qf7 24. Rd6 b4 25. Rxa6 b3 26. Qc3 f5 27. Rc6 Rxc6 28. Bxc6 e5 29. Bb5 Kg7 30. Qxe5+ Qf6 31. Qxf6+ Kxf6 32. Rxc4 Rd8 33. Rb4 Rd1+ 34. Kg2 Rb1 35.
Bd3 Ra1 36. Rxb3 Rxa4 37. Rb6+ Kg7 38. Rb7+ Kh6 39. h4 Rd4 40. Kf3 Rd8 41. Kf4 Rf8 42. Ke5 Re8+ 43. Kf6 Rf8+ 44. Rf7 Rc8 45. Re7 Rc6+ 46. Kf7 Rc8 47. Bb5 Rb8 48. Be8 g5 49.
Re6+ Kh5 50. Kf6+ Kg4 51. hxg5 Rb2 52. Bf7 f4 53. gxf4 Kxf4 54. g6 hxg6 55. Bxg6 Rb8 56. Re4# 1-0

[Event "Late-Titled-Tuesday-Blitz-January-30-2024"]
[Site "Chess.com"]
[Date "2024.01.30"]
[Round "10"]
[White "Ajedrecista3000"]
[Black "GothamChess"]
[Result "1-0"]
[WhiteElo "2619"]
[BlackElo "2724"]
[TimeControl "180+1"]
[EndTime "15:55:17 PST"]
[Termination "Ajedrecista3000 won on time"]

1. Nf3 g6 2. c4 Bg7 3. Nc3 d6 4. d4 Bg4 5. g3 Nc6 6. e3 e5 7. d5 Nce7 8. Bg2 h5 9. Qb3 b6 10.
Bd2 Nf6 11. Ng5 Nd7 12. h3 Nc5 13. Qc2 Bf5 14. e4 Bc8 15. O-O-O f6 16. Nf3 a6 17. Nh4 g5 18. Nf5 Nxf5 19. exf5 Bd7 20. f4 Qc8 21. fxg5 Bxf5 22. Ne4 fxg5 23. Bxg5 O-O 24. g4 Bg6 25. Qe2 Qe8 26. Rhf1 Qa4 27. Kb1 h4 28. Rfe1 b5 29. b3 Nxb3 30. axb3 Qxb3+ 31. Qb2 Qxc4 32. Ka1 Qa4+ 33. Qa2 Qxa2+ 34. Kxa2 Bxe4 35. Bxe4 Rf2+ 36. Rd2 Raf8 37. Ree2 Rf1 38. Rb2 Rg1 39. Rbc2 Bf6 40. Bh6 Rb8 41. Rxc7 b4 42. Rf2 b3+ 43. Kb2 Re1 44.
Bh7+ Kh8 45. Rxf6 Re2+ 46. Kb1 b2 47. Bc2 Re1+ 48. Ka2 1-0

[Event "Late-Titled-Tuesday-Blitz-January-30-2024"]
[Site "Chess.com"]
[Date "2024.01.30"]
[Round "10"]
[White "Anar_Aliakbarov"]
[Black "pooh2012"]
[Result "0-1"]
[WhiteElo "2631"]
[BlackElo "2514"]
[TimeControl "180+1"]
[EndTime "15:55:19 PST"]
[Termination "pooh2012 won by resignation"]

1. d4 Nf6 2. c4 e6 3. Nc3 Bb4 4. a3 Bxc3+ 5. bxc3 c5 6. e3 O-O 7. Bd3 b6 8. Ne2 Nc6 9. O-O Ba6 10. e4 e5 11. d5 Na5 12. f4 Re8 13. fxe5 Rxe5 14.
Bf4 Rxe4 15. Bg5 Re5 16. Bxf6 gxf6 17. Ng3 Kh8 18. Rf4 f5 19. Nxf5 Qg5 20. Rg4 Qf6 21.
Ng3 Rg8 22. Rxg8+ Kxg8 23. Qg4+ Qg5 24. Qxg5+ Rxg5 25. Re1 Bxc4 26. Re8+ Kg7 27. Nf5+ Kf6 28. Bxc4 Nxc4 29. Ng3 Rxd5 30. Ra8 a5 31. a4 Rd3 32. Kf2 d5 33. Rd8 Ke7 34. Rh8 Rxc3 35. Rxh7 Rc2+ 36. Kf3 Ne5+ 37. Kf4 Nd3+ 38. Ke3 Ne5 39. Nf5+ Kf6 40.
Nh4 d4+ 41. Ke4 Re2+ 42. Kd5 d3 43. Rh6+ Ng6 44. Nxg6 fxg6 45. Rh3 d2 46. Rd3 Rxg2 47. Kc4 Ke5 48. Kb5 Rxh2 49. Kxb6 c4 50. Rd8 c3 51.
Kxa5 c2 0-1

[Event "Late-Titled-Tuesday-Blitz-January-30-2024"]
[Site "Chess.com"]
[Date "2024.01.30"]
[Round "10"]
[White "egnfanclub"]
[Black "AndreyNeves"]
[Result "1-0"]
[WhiteElo "2363"]
[BlackElo "2095"]
[TimeControl "180+1"]
[EndTime "15:55:20 PST"]
[Termination "egnfanclub won by resignation"]

1. e4 c6 2. d4 d5 3. exd5 cxd5 4. c4 Nf6 5. Nc3 Nc6 6. Nf3 a6 7. cxd5 Nxd5 8. Qb3 e6 9. Bg5 Be7 10. Nxd5 exd5 11.
Bxe7 Qxe7+ 12. Qe3 Qxe3+ 13. fxe3 Bf5 14. Kd2 O-O 15.
Rc1 Rac8 16. a3 f6 17. b4 Na7 18. Be2 Be4 19. Rc5 b6 20. Rxc8 Rxc8 21. Rc1 Rxc1 22.
Kxc1 a5 23. Kb2 axb4 24. axb4 Kf7 25. g3 Ke6 26. Nd2 f5 27. Kc3 Nc8 28. Bb5 Nd6 29.
Bc6 g5 30. h4 gxh4 31. gxh4 Nf7 32. Nf1 Nh6 33. Ng3 Ng4 34. Kd2 Kd6 35. b5 Ke6 36.
Nh5 Nf6 37. Nf4+ Kd6 38. Kc3 Ng4 39. Kd2 Nf6 40. h5 Bf3 41. h6 Ng4 42. Nh5 Nxh6 43. Nf6 Ng4 44. Nxh7 Ke6 45. Ng5+ Kd6 46. Nxf3 Nf6 47.
Ne5 Ne4+ 48. Kd3 Nf2+ 49. Ke2 Ne4 50. Kf3 Nf6 51. Kf4 Ng4 52. Nxg4 fxg4 53. Kxg4 1-0

[Event "Late-Titled-Tuesday-Blitz-January-30-2024"]
[Site "Chess.com"]
[Date "2024.01.30"]
[Round "10"]
[White "rquery98"]
[Black "GlavkonVVS"]
[Result "1-0"]
[WhiteElo "2739"]
[BlackElo "2586"]
[TimeControl "180+1"]
[EndTime "15:55:23 PST"]
[Termination "rquery98 won by resignation"]

1. Nf3 Nf6 2. g3 c5 3. c4 Nc6 4. Nc3 g6 5. Bg2 Bg7 6. d4 cxd4 7. Nxd4 O-O 8. O-O Ng4 9. e3 d6 10. b3 Bd7 11. Bb2 a6 12. h3 Nge5 13. Nde2 Na5 14.
f4 Nec6 15. Qd2 Rb8 16. Nd5 Bxb2 17. Qxb2 b5 18. cxb5 Rxb5 19. Qc3 Rc5 20. Qd2 e6 21. Ndc3 d5 22. Rfc1 Qf6 23. Kh2 h5 24. Rab1 Rb8 25. Ne4 dxe4 26. Rxc5 Be8 27. Rxa5 Nxa5 28. Qxa5 h4 29.
g4 Rc8 30. Nd4 Bb5 31. g5 Qe7 32. Qd2 e5 33. Nxb5 axb5 34. Rf1 exf4 35. Rxf4 Qxg5 36. Qf2 f5 37. Rxh4 Rc3 38. Rf4 b4 39. h4 Qe7 40. Bh3 Qc5 41. Qg3 Kh7 42. h5 Rxe3 43. Qxg6+ Kh8 44. Qh6+ Kg8 45. Qg6+ Kh8 46. Rxf5 Re2+ 47. Bg2 Rxg2+ 48. Kxg2 Qc2+ 49. Kh3 Qd3+ 50.
Qg3 e3 51. Rf8+ Kh7 52. Qg6+ Qxg6 53. hxg6+ Kxg6 54. Re8 1-0

[Event "Late-Titled-Tuesday-Blitz-January-30-2024"]
[Site "Chess.com"]
[Date "2024.01.30"]
[Round "10"]
[White "tptagain"]
[Black "Njal28"]
[Result "1-0"]
[WhiteElo "2926"]
[BlackElo "3037"]
[TimeControl "180+1"]
[EndTime "15:55:24 PST"]
[Termination "tptagain won by resignation"]

1. e4 c5 2. Nf3 Nc6 3. Bb5 e6 4. Bxc6 bxc6 5. d3 Ne7 6. h4 d6 7. h5 e5 8. h6 Bg4 9. hxg7 Bxg7 10. Bh6 Bxh6 11. Rxh6 Ng6 12. Nbd2 Qf6 13. Qe2 Qg7 14.
Rh2 h5 15. O-O-O Rb8 16. Kb1 Qf6 17. Qe3 Ke7 18. b3 Nf4 19. Rdh1 Ne6 20. Ne1 Nd4 21. f3 Be6 22. Rxh5 Rhg8 23. Rh6 Qg7 24. g4 Kd7 25. Rh7 Qf8 26. c3 Nb5 27. Kb2 a5 28. a4 Nc7 29. Nc2 Rb7 30. Na3 Qe7 31. Nac4 Rgb8 32.
Rh8 Rxh8 33. Rxh8 Na6 34. Qh6 Rb8 35. Rxb8 Nxb8 36. Nxa5 Kc7 37. Nac4 Nd7 38. g5 Qd8 39. Ne3 Nf8 40. Nf5 Ng6 41. Nc4 d5 42. exd5 Bxf5 43. d6+ Kd7 44. Kc2 Qe8 45. Qg7 Be6 46. Qf6 Qb8 47. a5 e4 48. fxe4 Bxc4 49. dxc4 Qxd6 50.
Qxf7+ Ne7 51. Qf2 Qe5 52. Qg2 Ng6 53. a6 Kc7 54. Qg4 Kb6 55. Kb2 Qh2+ 56. Ka3 Qh1 57. Kb2 Qd1 58. Qxd1 1-0

[Event "Late-Titled-Tuesday-Blitz-January-30-2024"]
[Site "Chess.com"]
[Date "2024.01.30"]
[Round "10"]
[White "Noki102"]
[Black "GMKrikor"]
[Result "0-1"]
[WhiteElo "2527"]
[BlackElo "2786"]
[TimeControl "180+1"]
[EndTime "15:55:24 PST"]
[Termination "GMKrikor won by resignation"]

1. d4 Nf6 2. Nf3 g6 3. g3 Bg7 4. Bg2 d5 5. O-O O-O 6. c4 dxc4 7. Na3 Nc6 8. Nxc4 Be6 9. Nce5 Bd5 10. Be3 a5 11. Rc1 a4 12. a3 e6 13. h3 Na5 14.
Nd2 Bxg2 15. Kxg2 Nd5 16. Ndc4 Nb3 17. Rc2 Nxe3+ 18. fxe3 b5 19. Nd2 Bxe5 20. dxe5 Qd5+ 21. Nf3 c5 22. Qxd5 exd5 23. Rd1 Rad8 24. Nd2 c4 25. Nxb3 axb3 26. Rcd2 Rfe8 27. Rxd5 Rb8 28. Rc5 Re6 29. e4 Rbe8 30. Rdd5 f6 31. Rxb5 Rxe5 32. Rxe5 Rxe5 33. Rb4 Rxe4 34. Kf3 f5 35. e3 Kf7 36. a4 Ke6 37. a5 Kd5 38. a6 Re8 39. Rb5+ Kc6 40.
Rb7 Ra8 41. Rb4 Kc5 42. Ra4 Kb5 43. Ra1 Rxa6 44. Rxa6 Kxa6 45. Ke2 Kb5 46. Kd2 Kb4 47. g4 fxg4 48. hxg4 h5 49. gxh5 gxh5 50. e4 Kc5 51. Ke3 h4 0-1

[Event "Late-Titled-Tuesday-Blitz-January-30-2024"]
[Site "Chess.com"]
[Date "2024.01.30"]
[Round "10"]
[White "Hamisandwich"]
[Black "mightysmasher"]
[Result "1-0"]
[WhiteElo "2735"]
[BlackElo "2579"]
[TimeControl "180+1"]
[EndTime "15:55:28 PST"]
[Termination "Hamisandwich won by checkmate"]

1. c3 e5 2. d4 exd4 3. cxd4 d5 4. Nf3 Nf6 5. Nc3 c6 6. Bf4 Bd6 7. Bxd6 Qxd6 8. e3 O-O 9. Qc2 Re8 10. Bd3 Bg4 11. Ne5 Bh5 12. f4 Nbd7 13. h3 Bg6 14. f5 Nxe5 15. dxe5 Qxe5 16. fxg6 Qxe3+ 17. Kd1 hxg6 18. Qd2 Qg3 19. Kc2 Ne4 20. Bxe4 dxe4 21. Rad1 e3 22.
Qe2 Rad8 23. Rxd8 Rxd8 24. Rd1 Re8 25. Rd3 f5 26. Rd7 b5 27. Rd1 Kh7 28. Qf3 Qxf3 29.
gxf3 f4 30. h4 Re5 31. Ne2 Rc5+ 32. Kb1 Rh5 33. Nxf4 Rxh4 34. Ne2 Rh2 35. Re1 Rf2 36. f4 c5 37. Nc3 b4 38. Nd5 e2 39. Kc2 a5 40. b3 Kg8 41. Kd3 Rf3+ 42. Kc4 Rf2 43. Kxc5 Kf7 44. Kd4 Ke6 45. Ke4 Kd6 46. Ne3 Kc5 47. Nc4 a4 48. Ne5 axb3 49. Nd3+ Kc4 50. axb3+ Kxb3 51. Nxf2 Ka3 52. Rxe2 b3 53. Nd3 g5 54.
fxg5 g6 55. Kd4 Ka4 56. Kc4 Ka3 57. Rb2 Ka4 58. Rxb3 Ka5 59. Kc5 Ka4 60. Rc3 Ka5 61. Ra3# 1-0

[Event "Late-Titled-Tuesday-Blitz-January-30-2024"]
[Site "Chess.com"]
[Date "2024.01.30"]
[Round "10"]
[White "DonJuanEGenaro"]
[Black "WPWPWP-2015"]
[Result "0-1"]
[WhiteElo "2052"]
[BlackElo "2478"]
[TimeControl "180+1"]
[EndTime "15:55:29 PST"]
[Termination "WPWPWP-2015 won on time"]

1. c4 e5 2. Nc3 Nf6 3. Nf3 Nc6 4. e3 Bb4 5. a3 Bxc3 6. bxc3 d6 7. d4 O-O 8. Be2 e4 9. Nd2 Bf5 10. g4 Bg6 11. g5 Nd7 12. h4 f5 13. f4 Bf7 14. a4 Na5 15. Ba3 Kh8 16. Bb4 Nc6 17. Qb3 Bg8 18. Ba3 Na5 19. Qb5 b6 20. Qb2 c5 21. d5 Re8 22. h5 Nf8 23. Nb3 Re7 24. Nxa5 bxa5 25. Rb1 Nd7 26. Kf2 Nb6 27. Qc2 Bf7 28.
Rb5 Be8 29. Rxa5 Nxc4 30. Bxc4 Qxa5 31. Ra1 Bxh5 32. Bb2 Kg8 33. Bb5 Rb8 34. c4 Bg6 35. Bc3 Qc7 36. a5 Be8 37. Rb1 a6 38. Bxa6 Rxb1 39.
Qxb1 Rd7 40. Bb5 Rd8 41. a6 Rb8 42. Qa1 Qf7 43. a7 Ra8 44. Bxe8 Qxe8 45. Bxg7 Qf7 46. Bh6 Rxa7 47. Qb2 Ra8 48. Qb5 Qe7 49. Kg3 Rd8 50.
Kh4 Qd7 51. Qb6 Kf7 52. Qb2 Kg8 0-1

[Event "Late-Titled-Tuesday-Blitz-January-30-2024"]
[Site "Chess.com"]
[Date "2024.01.30"]
[Round "10"]
[White "jcmesafischer"]
[Black "wqws"]
[Result "0-1"]
[WhiteElo "2370"]
[BlackElo "2634"]
[TimeControl "180+1"]
[EndTime "15:55:34 PST"]
[Termination "wqws won on time"]

1. e4 e5 2. Nf3 Nc6 3. Bc4 Nf6 4. d3 Be7 5. O-O O-O 6. c3 d6 7. b4 h6 8. Nbd2 Kh8 9. Bb3 Nh7 10. b5 Na5 11. Bc2 f5 12. exf5 Bxf5 13. d4 Bxc2 14. Qxc2 exd4 15. Nxd4 Qd7 16. Re1 Bf6 17.
Ne4 Rae8 18. Bb2 Nc4 19. Nxf6 Nxf6 20. Qb3 d5 21. a4 Ne4 22. f3 Nc5 23. Qc2 Rxe1+ 24.
Rxe1 Nxb2 25. Qxb2 Nd3 26. Qa3 Re8 27. Rd1 Nf4 28.
Qb2 Qf7 29. Qd2 c5 30. bxc6 bxc6 31. Re1 Rxe1+ 32. Qxe1 c5 33. Nb5 Qg6 34. g3 Nh3+ 35.
Kg2 Ng5 36. h4 Ne6 37. Qe3 a6 38. Nd6 d4 39. cxd4 cxd4 40. Qe4 Qf6 41. f4 Nc5 42.
Qa8+ Kh7 43. Qd5 Nxa4 44. Ne4 Qe7 45. Qxd4 Nb2 46. h5 a5 47. Nf2 Qb4 48. Qe5 Qb7+ 49. Kh3 Qc8+ 50. g4 Nc4 51. Qc3 Qc6 52. Nd3 Qf3+ 53.
Kh4 Ne3 0-1

[Event "Late-Titled-Tuesday-Blitz-January-30-2024"]
[Site "Chess.com"]
[Date "2024.01.30"]
[Round "10"]
[White "Kacparov"]
[Black "Azerichess"]
[Result "0-1"]
[WhiteElo "2953"]
[BlackElo "3078"]
[TimeControl "180+1"]
[EndTime "15:55:37 PST"]
[Termination "Azerichess won by resignation"]

1. e4 d5 2. exd5 Qxd5 3. Nf3 Nf6 4. d4 Bg4 5. Be2 Nc6 6. Be3 O-O-O 7. Nbd2 e6 8. h3 Bxf3 9. Nxf3 h6 10. c3 a6 11. O-O g5 12. Qb3 Rg8 13. Qxd5 Nxd5 14. Rad1 Be7 15. Bc1 h5 16. Ne5 Nxe5 17. dxe5 g4 18.
hxg4 hxg4 19. g3 Nb6 20. Kg2 c6 21. Rxd8+ Bxd8 22. Rh1 Nd7 23. Bf4 Nf8 24. Bd3 Kd7 25.
Kf1 Ke8 26. Ke2 Bc7 27. a4 Nd7 28. Rh5 Nb6 29. Bc2 Nd5 30. Bd2 b5 31. axb5 axb5 32.
Be4 c5 33. b3 c4 34. bxc4 bxc4 35. Bxd5 exd5 36. Be3 Ke7 37. Bd4 Ke6 38. Ke3 Rg6 39. Rh8 Rg5 40. Re8+ Kd7 41. Kf4 f6 42. Rf8 Bxe5+ 43.
Bxe5 Rxe5 44. Rxf6 Re4+ 45. Kf5 Ke7 46. Rg6 Re2 47. Rxg4 Kd6 48. Rf4 Rc2 49. g4 Rxc3 50. g5 Ra3 51. g6 Ra7 52. Rg4 c3 53. g7 Rf7+ 54. Kg6 Rxg7+ 55. Kxg7 c2 56. Rg1 d4 57. f4 d3 58. f5 d2 59. f6 c1=Q 60.
Rxc1 dxc1=Q 61. f7 Qg5+ 0-1

[Event "Late-Titled-Tuesday-Blitz-January-30-2024"]
[Site "Chess.com"]
[Date "2024.01.30"]
[Round "10"]
[White "Atousa"]
[Black "LUISMIGUELOV"]
[Result "1-0"]
[WhiteElo "2392"]
[BlackElo "2202"]
[TimeControl "180+1"]
[EndTime "15:55:38 PST"]
[Termination "Atousa won by resignation"]

1. e3 d5 2. d3 c6 3. Ne2 Bf5 4.
Ng3 e6 5. Nxf5 exf5 6. Be2 Nf6 7.
O-O Bd6 8. c4 O-O 9. Nc3 dxc4 10.
dxc4 Qc7 11. h3 Rd8 12. Qc2 g6 13. b3 Na6 14. a3 Nc5 15. Bb2 Be5 16. Rad1 Nce4 17.
Bf3 Nxc3 18. Bxc3 Bxc3 19. Qxc3 Ne4 20. Bxe4 fxe4 21. Qf6 Rd3 22. Rxd3 exd3 23. Rd1 Rd8 24. Rd2 Qd6 25. Qxd6 Rxd6 26. e4 f5 27. exf5 gxf5 28.
f4 Rd4 29. g3 h5 30. h4 b5 31. cxb5 cxb5 32. Kf2 a5 33. Ke3 Re4+ 34. Kxd3 b4 35. axb4 Rxb4 36. Kc3 Re4 37. Rd5 a4 38. bxa4 Rxa4 39. Rxf5 Ra3+ 40. Kd4 Rxg3 41. Rxh5 Kf7 42. Ke5 Re3+ 43. Kf5 Ra3 44. Rh7+ Kg8 45. Re7 Rh3 46. Kg4 Rh1 47. h5 Kf8 48. Ra7 Rg1+ 49. Kf5 Rh1 50. Kg6 Rg1+ 51. Kf6 Kg8 52. f5 Rh1 53. Ra8+ Kh7 54. Ra7+ Kh6 55. Kf7 Rxh5 56.
f6 Rb5 57. Re7 Kh7 58. Kf8+ Kh8 59. f7 Rb8+ 60. Re8 Rb7 61. Rd8 Ra7 62. Ke8 Kh7 63. f8=Q Rf7 64. Qxf7+ 1-0

[Event "Late-Titled-Tuesday-Blitz-January-30-2024"]
[Site "Chess.com"]
[Date "2024.01.30"]
[Round "10"]
[White "GMWSO"]
[Black "josmito10"]
[Result "1-0"]
[WhiteElo "3088"]
[BlackElo "2851"]
[TimeControl "180+1"]
[EndTime "15:55:41 PST"]
[Termination "GMWSO won by checkmate"]

1. d4 d5 2. c4 e6 3. Nc3 a6 4. cxd5 exd5 5. Nf3 Nf6 6. Bg5 c6 7. e3 Nbd7 8. Bd3 Be7 9. O-O O-O 10. h3 Re8 11. Bf4 Nf8 12. Bh2 Ng6 13. Ne5 Nf8 14. Qc2 N6d7 15. Nf3 Nf6 16. Rae1 Bd6 17. Ne5 Bxe5 18. Bxe5 Ng6 19. Bh2 Be6 20. Na4 Ne4 21. f3 Nd6 22. Nc5 Bc8 23. Kh1 b6 24. Na4 Nc4 25.
e4 Be6 26. e5 c5 27. dxc5 bxc5 28. f4 Bd7 29. Nxc5 Rc8 30. Nxd7 Qxd7 31. Bf5 Qb5 32.
Bxc8 Ne3 33. Qc1 Nxf1 34. Rxf1 Nh4 35. Bg4 g6 36. Bg3 h5 37. Bxh4 hxg4 38. hxg4 Kh7 39. Bf6 Rc8 40. Qe1 Kg8 41. Kh2 Rc2 42. e6 Re2 43. e7 Rxe1 44. Rxe1 Qe8 45. Kg3 g5 46. fxg5 d4 47. Bxd4 f5 48. gxf5 a5 49. a4 Kf7 50.
Kf2 Kg8 51. g6 Qd7 52. e8=Q+ Qxe8 53. Rxe8# 1-0

[Event "Late-Titled-Tuesday-Blitz-January-30-2024"]
[Site "Chess.com"]
[Date "2024.01.30"]
[Round "10"]
[White "AradNazari"]
[Black "el008"]
[Result "1-0"]
[WhiteElo "2719"]
[BlackElo "2531"]
[TimeControl "180+1"]
[EndTime "15:55:46 PST"]
[Termination "AradNazari won by checkmate"]

1. e4 b6 2. d4 Bb7 3. Nc3 e6 4. Bd3 Bb4 5. Bd2 Nf6 6. Qe2 c5 7. dxc5 Bxc5 8. Nf3 Nc6 9. e5 Nd5 10. Ne4 Be7 11. a3 Qc7 12. c4 f5 13. cxd5 fxe4 14.
dxc6 Qxc6 15. Bb5 Qd5 16. Bc4 Qc5 17. Ng5 Qxe5 18. h4 Qxb2 19. O-O g6 20. Nxe4 O-O 21. Ra2 Qd4 22. Bd3 Rac8 23. h5 Qd5 24. Bb1 Rc4 25.
hxg6 Rxe4 26. gxh7+ Kh8 27. Bc3+ e5 28. Bxe4 Qxe4 29.
Bxe5+ Kxh7 30. Qxe4+ Bxe4 31. Re1 Bd5 32. Rd2 Be6 33. Bd6 Bxd6 34. Rxd6 Rf5 35. f3 Ra5 36. Re3 Kg6 37. g4 Kf6 38. Kf2 Ke7 39. Rd2 Ra4 40. Kg3 b5 41. f4 Kf7 42. f5 Bc4 43. Rxd7+ Kf6 44. Rd6+ Kf7 45. g5 b4 46. Rd7+ Kf8 47.
axb4 Rxb4 48. g6 Rb8 49. f6 a5 50. Rc7 Bd5 51. Rec3 Be6 52. R7c6 Bf5 53. g7+ Kf7 54. Kf4 Be6 55. Kg5 Rd8 56. Rc7+ Kg8 57. R3c5 Rd1 58. Rc8+ Kh7 59. Rh8# 1-0

[Event "Late-Titled-Tuesday-Blitz-January-30-2024"]
[Site "Chess.com"]
[Date "2024.01.30"]
[Round "10"]
[White "IlanSchnaider"]
[Black "cthulhuuu"]
[Result "1-0"]
[WhiteElo "2665"]
[BlackElo "2418"]
[TimeControl "180+1"]
[EndTime "15:55:46 PST"]
[Termination "IlanSchnaider won on time"]

1. e4 d6 2. d4 Nf6 3. Nc3 c6 4. f4 Qb6 5. e5 Nd5 6. Nxd5 cxd5 7. c3 Nc6 8. Be2 Bf5 9. Nf3 e6 10.
O-O Be7 11. Kh1 O-O 12. Bd3 Bxd3 13. Qxd3 g6 14. Rf2 f6 15. exf6 Bxf6 16. Be3 Rae8 17. Raf1 a6 18. g4 Qb5 19. Qb1 e5 20. fxe5 dxe5 21. Bh6 Bg7 22. Bxg7 Kxg7 23. Ng5 Rxf2 24.
Rxf2 Nd8 25. Qc1 h6 26. Nh3 exd4 27. Qf4 Qb6 28. cxd4 Qe6 29. Qc7+ Qe7 30. Qxe7+ Rxe7 31. Nf4 Re4 32. Nxd5 Rxd4 33. Ne3 Re4 34. Rf3 Ne6 35. h4 Nd4 36. Rh3 Ne2 37. Kh2 Nf4 38. Rf3 Ne6 39. Rg3 Kf6 40. Kg2 Ke5 41. Kf2 Kd4 42. Nc2+ Ke5 43.
Ne3 Nf4 44. Rf3 Nd3+ 45. Kg3 Kd4 46. Nc2+ Ke5 47. Rxd3 Re2 48. Re3+ Rxe3+ 49. Nxe3 Ke4 50. Ng2 g5 51. hxg5 hxg5 52. Ne1 Ke3 53. Nf3 Kd3 54.
Nxg5 Kc2 55. Nf3 Kxb2 56. g5 1-0

[Event "Late-Titled-Tuesday-Blitz-January-30-2024"]
[Site "Chess.com"]
[Date "2024.01.30"]
[Round "10"]
[White "Felix-Rose"]
[Black "RodokininEV"]
[Result "1-0"]
[WhiteElo "2417"]
[BlackElo "2627"]
[TimeControl "180+1"]
[EndTime "15:55:46 PST"]
[Termination "Felix-Rose won by checkmate"]

1. e4 e5 2. Nf3 Nc6 3. Bb5 Nf6 4. O-O Nxe4 5. d4 Nd6 6. dxe5 Nxb5 7. a4 Nbd4 8. Nxd4 Nxd4 9. Qxd4 Be7 10. Nc3 d5 11.
exd6 Qxd6 12. Qxg7 Bf6 13. Re1+ Be6 14. Qxf6 Rg8 15. Bg5 Rg6 16. Qh8+ Qf8 17. Qxf8+ Kxf8 18. Bf4 c6 19. Rad1 h5 20. h4 Bg4 21. Rd6 Kg7 22.
Rxg6+ Kxg6 23. f3 Bf5 24. Ne4 Rd8 25. Kf2 b5 26. axb5 cxb5 27. Bg5 Rd4 28. c3 Ra4 29. Rd1 Ra2 30. Rd6+ Kg7 31. Bf6+ Kh6 32. Bd4+ Be6 33. Ng5 Rxb2+ 34. Kg3 Kg6 35. Nxe6 fxe6 36. Rxe6+ Kf7 37.
Re5 a5 38. Rxh5 a4 39. c4 Rd2 40. Be3 Re2 41. cxb5 Rxe3 42. b6 Rb3 43. Ra5 a3 44. b7 Rxb7 45. Rxa3 Kg6 46. Ra6+ Kh5 47. Ra5+ Kg6 48.
Kg4 Rb2 49. g3 Rb6 50. f4 Kh6 51. h5 Rc6 52. Rg5 Rc3 53. Rg6+ Kh7 54. Ra6 Rb3 55. Kh4 Rb1 56. g4 Rh1+ 57. Kg5 Rg1 58. Ra7+ Kg8 59.
Kf5 Rc1 60. g5 Rc5+ 61. Kg4 Rc1 62. h6 Rg1+ 63. Kf5 Rf1 64. g6 Kf8 65. g7+ Kg8 66.
Ra8+ Kh7 67. g8=Q+ Kxh6 68. Ra6+ Kh5 69. Qg5# 1-0